 Dungeon Crawl Stone Soup version 0.21-a0-509-gecc5317 (webtiles) character file.

34 Hafrunt the Insei (level 3, -5/28 HPs)
             Began as a Draconian Transmuter on Nov 30, 2017.
             Slain by Crazy Yiuf
             ... wielding a +4 quarterstaff of chaos
              (20 damage)
             ... on level 2 of the Dungeon.
             The game lasted 00:03:33 (1757 turns).

Hafrunt the Insei (Draconian Transmuter)            Turns: 1757, Time: 00:03:33

Health: -5/28      AC:  5    Str: 12    XL:     3   Next: 14%
Magic:  5/6        EV: 12    Int: 13    God:
Gold:   58         SH:  0    Dex: 12    Spells: 0/6 levels left

rFire    . . .     SeeInvis +     - Unarmed
rCold    . . .     Gourm    .   (no shield)
rNeg     . . .     Faith    .   (armour unavailable)
rPois    .         Spirit   .   (helmet restricted)
rElec    .         Reflect  .   (no cloak)
rCorr    .         Harm     .   (no gloves)
MR       .....                  (no boots)
Stlth    +.........             (no amulet)
HPRegen  0.09/turn              m - ring of see invisible
MPRegen  0.10/turn              (no ring)

@: lethally poisoned (-5 -> -16), very slightly contaminated
A: unfitting armour, cold-blooded, AC +5
a: no special abilities


You were on level 2 of the Dungeon.
You were not hungry.

You visited 1 branch of the dungeon, and saw 2 of its levels.

You collected 58 gold pieces.

Inventory:

Missiles
 a - 73 arrows
Jewellery
 m - a ring of see invisible (left hand)
Scrolls
 e - 4 scrolls of identify {unknown}
 h - 3 scrolls of amnesia {unknown}
 i - 2 scrolls of remove curse {unknown}
 n - a scroll of enchant weapon {unknown}
 q - 2 scrolls of teleportation {unknown}
Potions
 d - 2 potions of curing {unknown}
 f - a potion of might {unknown}
 g - a potion of mutation {unknown}
 j - a potion of magic {unknown}
 k - a potion of haste {unknown}
 l - a potion of resistance {unknown}
 o - a potion of ambrosia {unknown}
 r - a potion of degeneration {unknown}
Books
 b - a book of Changes

   Spells                             Type                      Level
   a - Beastly Appendage              Transmutation                1
   b - Sticks to Snakes               Transmutation                2
   c - Spider Form                    Transmutation/Poison         3
   d - Ice Form                       Ice/Transmutation            4
   e - Blade Hands                    Transmutation                5
Comestibles
 p - a meat ration


   Skills:
 - Level 1.1 Fighting
 - Level 1.7 Dodging
 + Level 3.4 Unarmed Combat
 - Level 2.0 Spellcasting
 + Level 3.1 Transmutations
 * Level 0.2 Poison Magic


You couldn't memorise any spells.
You knew the following spells:

 Your Spells              Type           Power        Failure   Level  Hunger
a - Beastly Appendage     Tmut           #.....       7%          1    ##.....
b - Spider Form           Tmut/Pois      #.........   36%         3    ####...
d - Sticks to Snakes      Tmut           #.......     11%         2    ###....


Dungeon Overview and Level Annotations

Branches:
Dungeon (2/15)

Altars:

Annotations:
D:2 Crazy Yiuf


Innate Abilities, Weirdness & Mutations

Your plain brown scales are hard. (AC +5)
You cannot fit into any form of body armour.
You are cold-blooded and may be slowed by cold attacks.


Message History

Casting: Beastly Appendage
Confirm with . or Enter, or press ? or * to list all spells.
You miscast Beastly Appendage.
You are very lightly contaminated with residual magic.
You feel a strange surge of energy!
You open the door.
Crazy Yiuf the Enlightened comes into view.
He is wielding a quarterstaff of chaos.
Crazy Yiuf shouts!
Found a glowing mace.
There is an open door here.
You closely miss Crazy Yiuf.
Your tail-slap misses Crazy Yiuf.
Crazy Yiuf hits you with a quarterstaff of chaos.
You barely miss Crazy Yiuf.
Crazy Yiuf hits you with a quarterstaff of chaos.
You are poisoned.
You hit Crazy Yiuf but do no damage.
You feel sick.
Crazy Yiuf hits you with a quarterstaff of chaos!
You are electrocuted!
Ouch! That really hurt!
You die...

#.##.#.#.....<#
#.####.#
#........####.#
#...>(.# #.##.##.[#
#.# #.######
#.##.##### ### ### ##
#.#### ##. #.####
♣♣♣♣♣#######.# #....#
#### ♣♣♣.♣.......#.##
######
#...#♣..♣......#.##.#
#..g@.♣♣♣♣........##.
#)..#♣♣ ♣♣.......##.
#### ♣♣##.......
#....... #.......
###.....( #....>..#
##....... #..#....


You could see Crazy Yiuf.

Vanquished Creatures
  A worm (D:2)
  2 leopard geckos
  5 bats
  2 giant cockroaches (D:1)
  2 goblins (D:1)
  5 hobgoblins
  6 kobolds
  A ball python (D:2)
  2 frilled lizards
  3 rats (D:2)
29 creatures vanquished.

Notes
Turn   | Place    | Note
-------+----------+-------------------------------------------
     0 | D:1      | Hafrunt the Draconian Transmuter began the quest for the Orb.
     0 | D:1      | Reached XP level 1. HP: 16/16 MP: 3/3
   147 | D:1      | Reached XP level 2. HP: 20/23 MP: 3/5
   903 | D:2      | Learned a level 2 spell: Sticks to Snakes
  1046 | D:2      | Reached XP level 3. HP: 22/28 MP: 4/6
  1195 | D:2      | Learned a level 3 spell: Spider Form
  1344 | D:2      | Found a runed door.
  1753 | D:2      | Noticed Crazy Yiuf
  1757 | D:2      | Slain by Crazy Yiuf

Vault maps used:
D:1:      dpeg_arrival_chambers_temple_mockup
D:2:      uniq_crazy_yiuf_cottage

Skill      XL: |  1  2 |
---------------+-------+-----
Transmutations | 3 |  3.1
Fighting       | |  1.1
Dodging        | |  1.7
Unarmed Combat | |  3.4
Spellcasting   | |  2.0
Poison Magic   | |  0.2

Action                   || total
-------------------------++-------
Melee: Unarmed           ||   105
       Headbutt          ||     6
       Kick              ||     4
       Tailslap          ||     3
 Cast: Beastly Appendage ||    21
 Stab: Sleeping          ||     1
  Eat: Chunk             ||     2
       Bread ration      ||     1
Armor: Skin              ||    23
Dodge: Dodged            ||    69

Table legend:
 A = Spawn XP
 B = Non-spawn XP
 C = Spawn XP percentage of total XP
 D = Spawn monster count
 E = Non-spawn monster count
 F = Spawn count percentage of total count
 G = Total turns spent on level
                    A         B        C        D         E        F      G
               +---------+---------+-------+---------+---------+-------+---------
         Total |       0 |      49 |   0.0 |       0 |      29 |   0.0 |  1757
               +---------+---------+-------+---------+---------+-------+---------
           D:1 |       0 |      26 |   0.0 |       0 |      15 |   0.0 |   752
           D:2 |       0 |      23 |   0.0 |       0 |      14 |   0.0 |  1005
               +---------+---------+-------+---------+---------+-------+---------
